cohdb
Replays
Latest Replays
All Replays
Popular Replays
Top Player Replays
Match Explorer
How It Works
Community
CoH3 Stats
Reddit
Sign in to upload your games and track your stats! →
Sign in with Steam
Match 47149326
Unlisted
Match 47149326
Overview
Messages
Build Orders
End
Scout Squad
Construct Barracks
Selects Advanced Infantry Battlegroup
Riflemen Squad
1⁄4-ton 4x4 Truck
Grenade Package
Riflemen Squad
Construct Weapon Support Center
Engineer Squad
Air Support Center
Selects Artillery Observers
Bazooka Squad
Artillery Observer Squad
Construct Tank Depot
Grasshopper Recon Run
Selects M2A1 105mm Howitzer Emplacement
Selects Free Fire Drills
M4A1 Sherman Medium Tank
M4A1 Sherman Medium Tank
Double Sortie
Grasshopper Recon Run
P-47 Strafing Run
Septimum
Seocheon
Павел NF
Allied players r prob gay
0
0
Comments
sign in to comment!
No comments posted yet!